 Dungeon Crawl Stone Soup version 0.18-a0-1405-g73f4075 (webtiles) character file.

7898 Tomstefer the Destroyer (level 11, -1/75 HPs)
             Began as a High Elf Conjurer on Feb 24, 2016.
             Was a High Priest of Sif Muna.
             Slain by an unseen horror (8 damage)
             ... on level 10 of the Dungeon.
             The game lasted 00:49:55 (11985 turns).

Tomstefer the Destroyer (High Elf Conjurer)        Turns: 11985, Time: 00:49:56

Health: -1/75      AC: 22    Str:  7    XL:     11   Next: 2%
Magic:  34/34      EV: 13    Int: 23    God:    Sif Muna [*****.]
Gold:   373        SH:  0    Dex: 16    Spells: 3 memorised, 20 levels left

rFire  . . .     SeeInvis .     R - +1 war axe (elec)
rCold  . . .     Gourm    .     K - +4 ring mail {rN+}
rNeg   + . .     Faith    .     (no shield)
rPois  +         Spirit   .     m - +2 helmet
rElec  .         Dismiss  .     l - +1 cloak {rPois}
rCorr  .         Reflect  .     O - +0 pair of gloves
SustAt .         Harm     .     F - +1 pair of boots {run}
MR     +....                    g - amulet of magic regeneration
Stlth  +.........               u - ring of magical power
                                p - +5 ring of protection

@: quick, somewhat resistant to hostile enchantments, very unstealthy
A: no striking features
a: Channel Energy, Forget Spell, Renounce Religion


You were on level 10 of the Dungeon.
You worshipped Sif Muna.
Sif Muna was extremely pleased with you.
You were hungry.

You visited 2 branches of the dungeon, and saw 11 of its levels.

You collected 597 gold pieces.
You spent 224 gold pieces at shops.

Inventory:

Hand Weapons
 o - a +1 whip of venom
 D - a +2 flail of protection
 R - a +1 war axe of electrocution (weapon)
Armour
 l - a +1 cloak of poison resistance (worn)
 m - a +2 helmet (worn)
 F - a +1 pair of boots of running (worn)
 H - the +3 robe "Qilawn" {rElec MP+9 Int-3}
   (You bought it in a shop on level 6 of the Dungeon)

   It affects your intelligence (-3).
   It insulates you from electricity.
   It affects your magic capacity (+9).
 K - a +4 ring mail of positive energy (worn)
 O - a +0 pair of gloves (worn)
Jewellery
 g - an amulet of magic regeneration (around neck)
 h - an uncursed ring of protection from cold
 p - a +5 ring of protection (left hand)
 u - a ring of magical power (right hand)
Wands
 t - a wand of digging (11/24)
 B - a wand of teleportation (0/9)
 P - a wand of teleportation (4/9)
Scrolls
 a - 2 scrolls of noise {unknown}
 d - a scroll of magic mapping
 i - 5 scrolls of amnesia
 k - 5 scrolls of fear
 r - 2 scrolls of enchant armour
 y - 4 scrolls of remove curse
 C - 2 scrolls of teleportation
 G - a scroll of vulnerability {unknown}
 J - a scroll of recharging {unknown}
 M - a scroll of blinking {unknown}
Potions
 e - 4 potions of brilliance {unknown}
 n - 4 potions of curing
 q - 3 potions of flight
 s - 3 potions of ambrosia {unknown}
 x - 2 potions of might {unknown}
 A - 2 potions of cure mutation {unknown}
 I - 2 potions of haste {unknown}
 L - a potion of lignification {unknown}
 Q - a potion of berserk rage {unknown}
Books
 b - a book of Conjurations

   Spells                             Type                      Level
   a - Magic Dart                     Conjuration                  1
   b - Searing Ray                    Conjuration                  2
   c - Dazzling Spray                 Conjuration/Hexes            3
   d - Fulminant Prism                Conjuration/Hexes            4
   e - Iskenderun's Mystic Blast      Conjuration                  4
   f - Iskenderun's Battlesphere      Conjuration/Charms           5
 N - a book of the Warp

   Spells                             Type                      Level
   a - Recall                         Summoning/Translocation      3
   b - Gell's Gravitas                Hexes/Translocation          3
   c - Force Lance                    Conjuration/Translocation    4
   d - Warp Weapon                    Charms/Translocation         5
   e - Summon Forest                  Summoning/Translocation      5
Comestibles
 c - 7 bread rations
 f - 4 beef jerkies
 j - 6 meat rations
 v - 3 slices of pizza
 z - 6 fruits


   Skills:
 + Level 7.2 Fighting
 - Level 6.6 Dodging
 - Level 2.1 Stealth
 + Level 9.4 Spellcasting
 + Level 11.2 Conjurations
 - Level 8.0 Charms


You had 20 spell levels left.
You knew the following spells:

 Your Spells              Type           Power        Failure   Level  Hunger
a - Magic Dart            Conj           ####         1%          1    None
b - Searing Ray           Conj           ######       1%          2    None
c - Iskenderun's Battles  Conj/Chrm      ######..     14%         5    ####...


Dungeon Overview and Level Annotations

Branches:
Dungeon (10/15)            Temple (1/1) D:5            Lair (0/8) D:10
    Orc (0/2) D:9

Altars:
Ashenzari
Cheibriados
Fedhas
Kikubaaqudgha
Makhleb
Nemelex Xobeh
Okawaru
Pakellas
Sif Muna
Trog
Vehumet
Yredelemnul
Beogh

Shops:
D:4 =   D:6 [   D:8 [

Portals:
Trove: D:10 (give wand of hasting (9))


Message History

You miss something. Something hits you but does no damage.
Something barely misses you. Something hits you.
* * * LOW HITPOINT WARNING * * *
Something hits you but does no damage. Something hits you but does no damage.
Something barely misses you. Something hits you but does no damage.
Drink which item? (? for menu, Esc to quit)
You feel better. Something barely misses you.
Something hits you but does no damage.
Something hits you but does no damage. x2
Something hits you but does no damage. Something hits you but does no damage.
Something hits you. Something hits you!
* * * LOW HITPOINT WARNING * * *
Something hits you but does no damage. Something hits you!
* * * LOW HITPOINT WARNING * * *
Something hits you!
You die...

..........#.....#................
..........#.....#................
........))#.....#................
..........#.....#................
####......#######...######.......
....................#....#.......
....................#....#.....##
....................#............
................@...#............
....................#..).........
....................#............
....###########....######......##
....#........#.....#..)))[.......
....#........#.....#.............
....#........#....(#.............
....#........#.....#.............
....#........#.....#.............


There were no monsters in sight!

Vanquished Creatures
  A hydra (D:9)
  Maurice (D:9)
  A spiny frog (D:10)
  Joseph (D:9)
  A centaur skeleton (D:10)
  A gargoyle (D:10)
  A troll (D:9)
  A spriggan (D:7)
  A yak (D:10)
  A wraith (D:10)
  A steam dragon (D:9)
  A hippogriff (D:8)
  Menkaure (D:6)
  2 ice beasts
  11 orc warriors
  3 ogres (D:9)
  2 phantoms
  The ghost of Tomstefer the Ruffian, an amateur DrTm (D:4)
  3 centaurs
  A crocodile (D:8)
  5 giant frogs
  A big kobold (D:10)
  2 wyvern zombies
  2 scorpions (D:8)
  4 killer bees (D:8)
  3 wights (D:9)
  5 crimson imps
  2 centaur zombies (D:9)
  A giant frog zombie (D:9)
  A lava snake (D:9)
  A wasp zombie (D:9)
  7 hounds
  3 jellies
  8 orc wizards
  5 orc priests
  Jessica (D:2)
  4 iguanas
  Natasha (D:1)
  9 worker ants
  2 hound zombies
  A hound skeleton (D:10)
  Robin (D:2)
  3 gnolls (D:4)
  2 worker ant zombies
  10 adders
  2 shadow imps
  3 oozes
  An adder skeleton (D:9)
  3 worms
  3 giant geckos
  43 orcs
  3 ball pythons
  6 bats
  7 giant cockroaches
  20 goblins
  10 hobgoblins
  3 jackals (D:8)
  4 quokkas
  A giant cockroach zombie (D:5)
  4 giant newts
  A jackal skeleton (D:8)
  9 kobolds
  A quokka skeleton (D:6)
  8 rats
252 creatures vanquished.

Notes
Turn   | Place    | Note
--------------------------------------------------------------
     0 | D:1      | Tomstefer the High Elf Conjurer began the quest for the Orb.
     0 | D:1      | Reached XP level 1. HP: 11/11 MP: 4/4
   252 | D:1      | Reached XP level 2. HP: 3/17 MP: 0/7
   592 | D:1      | Found a sparkling altar of Nemelex Xobeh.
   938 | D:1      | Reached skill level 5 in Conjurations
  1296 | D:1      | Learned a level 2 spell: Searing Ray
  1445 | D:2      | Noticed Natasha
  1565 | D:1      | Killed Natasha
  1565 | D:1      | Reached XP level 3. HP: 8/21 MP: 3/8
  1896 | D:2      | Reached XP level 4. HP: 27/27 MP: 6/9
  1899 | D:2      | Noticed Robin
  1908 | D:2      | Reached skill level 6 in Conjurations
  1933 | D:2      | Killed Robin
  2241 | D:2      | Noticed Jessica
  2244 | D:2      | Killed Jessica
  2394 | D:2      | Reached XP level 5. HP: 31/31 MP: 5/10
  2976 | D:3      | Reached skill level 7 in Conjurations
  3004 | D:3      | Learned a level 5 spell: Iskenderun's Battlesphere
  3109 | D:3      | Found a blossoming altar of Fedhas.
  3674 | D:4      | Found an ancient bone altar of Kikubaaqudgha.
  3696 | D:4      | Found a basalt altar of Yredelemnul.
  3703 | D:4      | Reached XP level 6. HP: 36/36 MP: 11/11
  3761 | D:4      | Found Gecamame's Jewellery Shop.
  3994 | D:4      | Found a burning altar of Makhleb.
  3994 | D:4      | Found an oddly glowing altar of Pakellas.
  4037 | D:4      | Reached skill level 8 in Conjurations
  4175 | D:4      | Noticed Tomstefer's ghost (amateur DrTm)
  4198 | D:4      | Killed Tomstefer's ghost
  4198 | D:4      | Reached skill level 1 in Fighting
  4683 | D:5      | Entered Level 5 of the Dungeon
  4944 | D:5      | Reached XP level 7. HP: 36/45 MP: 14/14
  5049 | D:5      | Found an oddly glowing altar of Pakellas.
  5223 | D:5      | Found a staircase to the Ecumenical Temple.
  5232 | Temple   | Entered the Ecumenical Temple
  5291 | Temple   | Became a worshipper of Sif Muna the Loreminder
  5711 | D:6      | Found a shattered altar of Ashenzari.
  5814 | D:6      | Noticed Menkaure
  5820 | D:6      | Killed Menkaure
  5820 | D:6      | Reached skill level 5 in Spellcasting
  5905 | D:6      | Reached skill level 1 in Charms
  6366 | D:6      | Reached XP level 8. HP: 47/54 MP: 17/17
  6448 | D:6      | Reached * piety under Sif Muna
  6649 | D:6      | Found Wirad's Antique Armour Boutique.
  6656 | D:6      | Bought a pair of glowing boots for 99 gold pieces
  6656 | D:6      | Bought a heavily jewelled robe for 125 gold pieces
  6662 | D:6      | Identified a +1 pair of boots of running (You bought it in a shop on level 6 of the Dungeon)
  6672 | D:6      | Identified the +3 robe "Qilawn" {rElec MP+9 Int-3} (You bought it in a shop on level 6 of the Dungeon)
  7016 | D:7      | Reached skill level 5 in Fighting
  7439 | D:7      | Got a smelly scale mail
  7450 | D:7      | Identified the +0 scale mail of Headuzur {*Corrode rC+ Dex+2} (You found it on level 7 of the Dungeon)
  7827 | D:8      | Reached skill level 5 in Charms
  7943 | D:8      | Reached XP level 9. HP: 55/61 MP: 20/20
  7949 | D:8      | Found Saulukoe's Armour Boutique.
  7989 | D:8      | Reached ** piety under Sif Muna
  8128 | D:8      | Found a shattered altar of Ashenzari.
  8597 | D:9      | Noticed Joseph
  8597 | D:9      | Noticed a six-headed hydra
  8615 | D:9      | Killed a six-headed hydra
  8615 | D:9      | Reached skill level 5 in Dodging
  8615 | D:9      | Reached skill level 9 in Conjurations
  8764 | D:9      | Killed Joseph
  8764 | D:9      | Reached *** piety under Sif Muna
  9065 | D:9      | Noticed Maurice
  9129 | D:9      | Killed Maurice
  9155 | D:9      | Reached XP level 10. HP: 66/66 MP: 21/21
  9465 | D:9      | Found a roughly hewn altar of Beogh.
  9857 | D:9      | Found a staircase to the Orcish Mines.
  9906 | D:9      | Reached skill level 10 in Conjurations
 10484 | D:9      | Found a bloodstained altar of Trog.
 10485 | D:9      | Found an iron altar of Okawaru.
 10533 | D:10     | Entered Level 10 of the Dungeon
 10572 | D:10     | Reached **** piety under Sif Muna
 10683 | D:10     | Found a portal to a secret trove of treasure.
 10711 | D:10     | Noticed a spiny frog
 10726 | D:10     | Killed a spiny frog
 11005 | D:10     | Found a staircase to the Lair.
 11261 | D:10     | Reached skill level 11 in Conjurations
 11528 | D:10     | Noticed a gargoyle
 11552 | D:10     | Killed a gargoyle
 11552 | D:10     | Reached ***** piety under Sif Muna
 11552 | D:10     | Reached XP level 11. HP: 31/75 MP: 14/25
 11985 | D:10     | Slain by an unseen horror

Vault maps used:
D:1:      erik_arrival_gehennom, nemelex_diamond_rough_becter
D:2:      uniq_robin, uniq_jessica, uniq_natasha
D:3:      fedhas_altar_fruit_tree, serial_bayou_pond_c
D:4:      nicolae_overflow_hidden_temple, serial_shops, shop
D:5:      temple_fountains, first_bread, abandoned_shop, nrook_pool_corridor,
          grunt_pakellas_salt
D:6:      serial_shops, kennysheep_mini, basic_altar, uniq_menkaure
D:7:      st_stairs_6, the_bakery
D:8:      serial_shops, shop, basic_altar
D:9:      grunt_temple_overflow_bloody_war, david_orc_5,
          kennysheep_opposing_triangles, uniq_maurice, uniq_joseph
D:10:     dpeg_lair_monsters, enter_trove_2
Temple:   chambers_temple_12

Skill      XL: |  1  2  3  4  5  6  7  8  9 10 |
---------------+-------------------------------+-----
Spellcasting   | 3 4 5 7 9 |  9.4
Conjurations   | 5 6 7 8 9 11 | 11.2
Fighting       | 2 4 5 7 |  7.2
Charms         | 2 5 7 8 |  8.0
Dodging        | 4 6 |  6.6
Stealth        | |  2.1

Action                   |  1- 3 |  4- 6 |  7- 9 | 10-12 || total
-------------------------+-------+-------+-------+-------++-------
Melee: Short sword       |     7 |     7 |       |       ||    14
       Unarmed           |     1 |       |       |       ||     1
       Whip              |       |    22 |     5 |       ||    27
       Flail             |       |       |    38 |     5 ||    43
       War axe           |       |       |       |    14 ||    14
 Cast: Magic Dart        |    53 |   141 |   138 |    92 ||   424
       Searing Ray       |       |     7 |    35 |    57 ||    99
       Iskenderun's Batt |       |       |       |     8 ||     8
Evoke: Wand              |       |       |       |     1 ||     1
  Use: Scroll            |       |     3 |     9 |       ||    12
       Potion            |       |       |       |     3 ||     3
  Eat: Chunk             |     3 |     9 |     7 |     6 ||    25
       Bread ration      |       |       |     1 |     1 ||     2
